 Dungeon Crawl Stone Soup version 0.29.1-13-g9f3cf754e1 (webtiles) character file.

Game seed: 3464796343204385250

315 raph the Stinger (level 6, -29/32 HPs)
             Began as a Deep Elf Venom Mage on Jan 23, 2023.
             Annihilated by a two-headed ogre
             ... wielding a +0 giant spiked club
              (32 damage)
             ... on level 5 of the Dungeon.
             The game lasted 00:09:25 (5699 turns).

raph the Stinger (Deep Elf Venom Mage)              Turns: 5699, Time: 00:09:25

Health: -29/32     AC: 10    Str:  5    XL:     6   Next: 20%
Magic:  5/12       EV: 12    Int: 22    God:
Gold:   104        SH:  3    Dex: 15    Spells: 1/11 levels left

rFire   . . .      SeeInvis .   n - +1 dagger (holy)
rCold   . . .      Faith    .   t - +0 buckler
rNeg    . . .      Spirit   .   a - +1 robe
rPois   .          Reflect  .   (no helmet)
rElec   .          Harm     .   (no cloak)
rCorr   .          Rampage  .   r - +2 pair of gloves
Will    .....                   (no boots)
Stlth   ++........              (no amulet)
HPRegen 0.10/turn               k - +4 ring of protection
MPRegen 0.13/turn               (no ring)

@: no status effects
A: no striking features
a: no special abilities


You were on level 5 of the Dungeon.
You visited 1 branch of the dungeon, and saw 5 of its levels.

You collected 104 gold pieces.

Inventory:

Hand Weapons
 c - a +0 short sword
 n - a +1 dagger of holy wrath (weapon)
Armour
 a - a +1 robe (worn)
 r - a +2 pair of gloves (worn)
 t - a +0 buckler (worn)
Jewellery
 k - a +4 ring of protection (left hand)
Wands
 o - a wand of polymorph (2)
 q - a wand of paralysis (11)
Scrolls
 d - a scroll of blinking {unknown}
 i - a scroll of teleportation
 j - a scroll of fear
 p - a scroll of amnesia
 s - a scroll of identify
 u - a scroll of silence {unknown}
Potions
 b - a potion of magic
 e - 3 potions of haste
 f - 4 potions of curing
 g - a potion of heal wounds {unknown}
 h - a potion of invisibility
 l - a potion of cancellation {unknown}
 m - a potion of resistance {unknown}


   Skills:
 - Level 2.4 Dodging
 - Level 2.4 Stealth
 + Level 0.0 Shields
 - Level 3.0 Spellcasting
 + Level 1.2 Conjurations
 - Level 1.1 Transmutations
 + Level 7.5 Poison Magic


You had one spell level left.
You knew the following spells:

 Your Spells              Type           Power      Damage    Failure   Level
a - Sting                 Tmut/Pois      88%        1d7       3%          1
b - Poisonous Vapours     Pois/Air       38%        N/A       5%          2
c - Mephitic Cloud        Conj/Pois/Air  16%        N/A       16%         3
d - Olgreb's Toxic Radia  Pois           36%        N/A       8%          4

Your spell library contained the following spells:

 Spells                   Type           Power      Damage    Failure   Level
 Blink                    Tloc           6%         N/A       26%         2
 Ensorcelled Hibernation  Hex/Ice        6%         N/A       26%         2
 Manifold Assault         Tloc           3%         N/A       99%         5
 Metabolic Englaciation   Hex/Ice        1%         N/A       99%         5
 Ozocubu's Refrigeration  Ice            1%         4d7       100%        7
 Storm Form               Tmut/Air       2%         N/A       100%        7


Dungeon Overview and Level Annotations

Branches:
Dungeon (5/15)
 Temple: D:4-7

Altars:
Ashenzari
Cheibriados
Dithmenos
Zin

Shops:
D:4 (

Annotations:
D:3 2 transporters, Grinder; theswoord's ghost, weakling DsGl


Message History

Aim: a two-headed ogre, wielding two +0 giant spiked clubs (chance to affect: 53%)
You miscast Mephitic Cloud.
You are very lightly contaminated with residual magic.
Nothing appears to happen.
You kill the orc!
A magic dart appears from out of thin air!
The magic dart hits you. The phantom barely misses you.
Casting: Mephitic Cloud (quite dangerous; 16% risk of failure)
Confirm with . or Enter, or press ? or * to list all spells.
You don't have enough magic to cast this spell.
Unknown command.
A puff of flame appears from out of thin air!
The puff of flame misses you.
Something tries to affect you, but you resist.
Things that are here:
a +0 flail; an orc corpse The phantom attacks as you move away!
The phantom barely misses you.
Your magical contamination has completely faded away.
The phantom attacks as you move away! The phantom barely misses you.
The phantom attacks as you move away! You block the phantom's attack.
The phantom attacks as you move away! You block the phantom's attack.
There is a stone staircase leading up, spattered with blood here.
The phantom hits you.
The phantom blinks!
You blink.
You stop ascending the stairs.
Something hits you. The phantom attacks as you move away!
The phantom hits you but does no damage.
The two-headed ogre hits you with a +0 giant spiked club!
* * * LOW HITPOINT WARNING * * *
The two-headed ogre hits you with a +0 giant spiked club.
* * * LOW HITPOINT WARNING * * *
You hear some strange, mumbled words.
A magic dart appears from out of thin air!
The magic dart hits you but does no damage.
The phantom attacks as you move away! The phantom barely misses you.
The phantom attacks as you move away! You block the phantom's attack.
There is a stone staircase leading up, spattered with blood here.
The two-headed ogre hits you with a +0 giant spiked club!!
Ouch! That really hurt!
You die...

#...# ##...# #...### #8.8#
###.### #.#.##. #...#
#...######.#.... #8.8#
#####............# #...#
#>......#...####)#
#♣.♣########.######..######..
#...#........#####...........
#8.♣#........{.......##......
#...#....###@OW......##.≈.8.≈
#♣.♣#.##.# #.........##.≈...≈
#...####.###........)##.§≈.≈≈
#♣.♣#.....[.........[##.§≈.≈≈
#...#.###.##.........##.≈≈.≈≈
#♣.8#.# #...........###.≈≈_≈≈
#...#.# #...........# #.≈≈≈≈≈
##....# ###.........# ...≈≈≈)
###### #.........# #......


You could see a two-headed ogre and a phantom.

Vanquished Creatures
  A hound (D:5)
  3 iguanas
  Jessica (D:2)
  Ijyb (D:3)
  3 gnolls (D:4)
  3 adders
  2 worms (D:2)
  4 dart slugs
  10 orcs
  8 bats
  2 endoplasms
  5 giant cockroaches
  6 goblins
  5 hobgoblins
  8 jackals
  2 kobolds
  4 quokkas
  A ball python (D:3)
  2 frilled lizards (D:1)
  7 rats
78 creatures vanquished.

Vanquished Creatures (others)
  3 plants (D:3)
3 creatures vanquished.

Grand Total: 81 creatures vanquished

Notes
Turn   | Place    | Note
-------+----------+-------------------------------------------
     0 | D:1      | raph the Deep Elf Venom Mage began the quest for the Orb.
     0 | D:1      | Reached XP level 1. HP: 10/10 MP: 6/6
   386 | D:1      | Reached skill level 4 in Poison Magic
   386 | D:1      | Reached XP level 2. HP: 11/15 MP: 4/8
   462 | D:1      | Learned a level 2 spell: Poisonous Vapours
  1027 | D:1      | Reached XP level 3. HP: 19/19 MP: 6/9
  1031 | D:1      | Learned a level 3 spell: Mephitic Cloud
  1368 | D:2      | Found a shadowy altar of Dithmenos.
  1618 | D:2      | Reached skill level 5 in Poison Magic
  1773 | D:2      | Noticed Jessica
  1784 | D:2      | Killed Jessica
  1785 | D:2      | Reached XP level 4. HP: 11/24 MP: 3/10
  2808 | D:3      | Noticed Ijyb
  2867 | D:3      | Reached skill level 6 in Poison Magic
  2984 | D:3      | Killed Ijyb
  2985 | D:3      | Reached XP level 5. HP: 28/28 MP: 1/11
  3163 | D:3      | Learned a level 4 spell: Olgreb's Toxic Radiance
  3175 | D:3      | Found a snail-covered altar of Cheibriados.
  3350 | D:3      | Found a transporter.
  3372 | D:3      | Noticed theswoord's ghost (weakling DsGl)
  3373 | D:3      | Found a transporter.
  3815 | D:3      | Noticed Grinder
  3820 | D:3      | Paralysed by Grinder for 5 turns
  3828 | D:3      | Paralysed by Grinder for 2 turns
  4451 | D:4      | Found a glowing silver altar of Zin.
  4537 | D:4      | Found Pacaa's Antique Weapon Shoppe.
  4601 | D:4      | Reached skill level 7 in Poison Magic
  4724 | D:4      | Found a shadowy altar of Dithmenos.
  5298 | D:4      | Got the Directory of Rime
  5337 | D:5      | Entered Level 5 of the Dungeon
  5343 | D:5      | Reached XP level 6. HP: 29/32 MP: 5/12
  5473 | D:5      | Reached skill level 1 in Conjurations
  5542 | D:5      | Found a broken altar of Ashenzari.
  5667 | D:5      | Noticed a two-headed ogre
  5699 | D:5      | Annihilated by a two-headed ogre

Illustrated notes

Levels and vault maps discovered:
D:1:      ncdulo_lavacross, layout_basic, chequers_jeans
D:2:      layout_rooms, basic_altar, chequers_garden, reono_crystal_passage,
          uniq_jessica
D:3:      layout_basic, mainiacjoe_overflow_boulevard, old_standard_altar,
          gammafunk_ghost_mausoleum, basic_ecumenical_altar,
          uniq_crazy_yiuf_cottage, uniq_grinder, uniq_ijyb, uniq_natasha
D:4:      layout_loops_corners, zin_statuary, nicolae_dithmenos_shadow_blocks,
          serial_shops, shop
D:5:      lemuel_ice_spiral_2, layout_rooms, mainiacjoe_overflow_catwalk,
          chequers_avenue, supply_closet_lemuel, uniq_edmund

Skill      XL: |  1  2  3  4  5  6 |
---------------+-------------------+-----
Poison Magic   | 4 5 6 7 |  7.5
Conjurations   | 1 |  1.2
Dodging        | |  2.4
Stealth        | |  2.4
Spellcasting   | |  3.0
Transmutations | |  1.1

Action                   |  1- 3 |  4- 6 || total
-------------------------+-------+-------++-------
Melee: Short sword       |    11 |    15 ||    26
       Dagger            |       |    12 ||    12
 Cast: Sting             |    48 |    54 ||   102
       Poisonous Vapours |    15 |    54 ||    69
       Mephitic Cloud    |       |     1 ||     1
       Olgreb's Toxic Ra |       |     1 ||     1
  Use: Scroll            |       |    12 ||    12
 Stab: Sleeping          |       |     1 ||     1
Armor: Robe              |    11 |    18 ||    29
Dodge: Dodged            |    31 |    47 ||    78
Block: Buckler           |       |     3 ||     3
